[Event "Titled Tuesday Blitz March 08 Early 2022"]
[White "Murzin, Volodar"]
[Black "Lazavik, Denis"]
[WhiteFideId "44155573"]
[BlackFideId "13515110"]
[WhiteElo "2585"]
[BlackElo "2437"]
[Result "1/2-1/2"]
[Round "09"]
[TimeControl "180+1"]
[Date "2022.03.08"]
[WhiteClock "0:01:03"]
[BlackClock "0:00:34"]

1. e4 e5 2. Nf3 Nc6 3. Bb5 Nf6 4. O-O Nxe4 5. Re1 Nd6 6. Nxe5 Be7 7. Bf1 Nxe5 8. Rxe5 O-O 9. d4 Bf6 10. Re1 Re8 11. Rxe8+ Nxe8 12. c3 d5 13. Bf4 c6 14. Nd2 Bf5 15. Qf3 g6 16. Bd3 Qd7 17. Re1 Ng7 18. Bxf5 Qxf5 19. Be5 Re8 20. Qxf5 Nxf5 21. Nf3 Bd8 22. Bb8 Rxe1+ 23. Nxe1 a6 24. Nd3 Be7 25. g3 h5 26. h4 f6 27. Kg2 Kf7 28. Kh3 Ng7 29. f3 g5 30. g4 hxg4+ 31. fxg4 gxh4 32. Kxh4 Kg6 33. Nf4+ Kf7 34. Kg3 Ne6 35. Nxe6 Kxe6 36. Kf3 f5 37. Bf4 fxg4+ 38. Kxg4 1/2-1/2


[Site "https://www.chess.com"]

[Event "Titled Tuesday Blitz March 08 Early 2022"]
[White "Nakamura, Hikaru"]
[Black "Sadhwani, Raunak"]
[WhiteFideId "2016192"]
[BlackFideId "35093487"]
[WhiteElo "2850"]
[BlackElo "2616"]
[Result "1-0"]
[Round "09"]
[TimeControl "180+1"]
[Date "2022.03.08"]
[WhiteClock "0:00:45"]
[BlackClock "0:00:36"]

1. Nf3 d5 2. b3 Nf6 3. Bb2 e6 4. g3 b6 5. Bg2 Bb7 6. O-O Nbd7 7. d4 c5 8. e3 Be7 9. Nbd2 O-O 10. Qe2 Rc8 11. Rfc1 cxd4 12. Nxd4 Qc7 13. c4 Qb8 14. cxd5 Nxd5 15. Nc4 Nc5 16. Nb5 Ba6 17. Be5 Qa8 18. Qg4 f6 19. Nc7 Rxc7 20. Bxc7 f5 21. Qd4 Bb7 22. Bd6 Bf6 23. Be5 1-0


[Site "https://www.chess.com"]

[Event "Titled Tuesday Blitz March 08 Early 2022"]
[White "Nasuta, Grzegorz"]
[Black "Siva Mahadevan"]
[WhiteFideId "1141686"]
[BlackFideId "25043153"]
[WhiteElo "2396"]
[BlackElo "2203"]
[Result "0-1"]
[Round "09"]
[TimeControl "180+1"]
[Date "2022.03.08"]
[WhiteClock "0:01:22"]
[BlackClock "0:01:40"]

1. e4 c5 2. Nc3 Nc6 3. Bb5 Nd4 4. Nf3 g6 5. Bc4 Bg7 6. Nxd4 cxd4 7. Qf3 Nh6 8. Ne2 O-O 9. O-O Ng4 10. Bxf7+ Rxf7 11. Qxg4 d5 12. Qh4 dxe4 13. Qxe4 Bf5 14. Qxb7 Bxc2 15. Qa6 d3 16. Nc3 Bd4 17. Qe6 Rb8 18. Qe4 e5 19. b3 Qf8 20. Bb2 Rxf2 21. Rxf2 Qxf2+ 22. Kh1 Rf8 23. h3 Qxd2 24. Qd5+ Kg7 25. Ba3 Rf7 26. Ne4 Qe2 27. Ng5 Rf1+ 28. Rxf1 Qxf1+ 29. Kh2 Bg1+ 0-1


[Site "https://www.chess.com"]

[Event "Titled Tuesday Blitz March 08 Early 2022"]
[White "Nguyen, Thien Ngan"]
[Black "Goryachkina, Aleksandra"]
[WhiteFideId "12414816"]
[BlackFideId "4147103"]
[WhiteElo "1917"]
[BlackElo "2426"]
[Result "0-1"]
[Round "09"]
[TimeControl "180+1"]
[Date "2022.03.09"]
[WhiteClock "0:00:03"]
[BlackClock "0:00:05"]

1. e4 e6 2. d4 d5 3. e5 c5 4. c3 Nc6 5. Nf3 Nge7 6. a3 cxd4 7. cxd4 Nf5 8. b4 Bd7 9. Be3 Be7 10. Bd3 O-O 11. Bxf5 exf5 12. Nc3 Be6 13. O-O g5 14. Qd3 f4 15. Bd2 Qd7 16. Kh1 Kh8 17. b5 Na5 18. Nxd5 Bxd5 19. Bxa5 Rac8 20. Rac1 g4 21. Nd2 f3 22. g3 Qe6 23. Qe3 Qg6 24. Bb4 Bg5 25. Qe1 Rfe8 26. Rc5 Rxc5 27. Bxc5 b6 28. Bd6 Qd3 29. Nb1 Qe2 30. Nc3 Qxe1 31. Rxe1 Bd2 32. Nxd5 Bxe1 33. Kg1 Rc8 34. Nc7 Bc3 35. d5 Kg8 36. Kf1 Bb2 37. a4 Ba3 38. Ke1 Bxd6 39. exd6 Rd8 40. Kd2 Rxd6 41. Ke3 Rd7 42. Ne8 Kf8 43. Nf6 Rd6 44. Nxg4 Rxd5 45. h4 Rd1 46. Kxf3 Ra1 47. Ne5 Ra3+ 48. Kg2 Rxa4 49. Nc6 Ra2 50. g4 a5 51. bxa6 Rxa6 52. Kf3 b5 53. Nb4 Ra4 54. Nc2 b4 55. Ke3 b3 56. Ne1 b2 57. Nd3 b1=Q 58. Nc5 Qe1+ 59. Kf3 Ra3+ 60. Kg2 Rc3 61. Nd7+ Kg7 62. g5 Qe4+ 63. Kf1 Rc1# 0-1


[Site "https://www.chess.com"]

[Event "Titled Tuesday Blitz March 08 Early 2022"]
[White "Odegov, Artem"]
[Black "Samant Aditya S"]
[WhiteFideId "34183644"]
[BlackFideId "35080580"]
[WhiteElo "2286"]
[BlackElo "1916"]
[Result "1-0"]
[Round "09"]
[TimeControl "180+1"]
[Date "2022.03.09"]
[WhiteClock "0:00:16"]
[BlackClock "0:00:01"]

1. d4 Nf6 2. c4 e6 3. Nf3 Bb4+ 4. Bd2 c5 5. Bxb4 cxb4 6. g3 O-O 7. Bg2 d6 8. O-O a5 9. a3 Na6 10. Nbd2 Qc7 11. Qc2 e5 12. Rfd1 Bg4 13. dxe5 dxe5 14. Ne4 Nxe4 15. Qxe4 Bxf3 16. Qxf3 Nc5 17. axb4 axb4 18. Rxa8 Rxa8 19. h4 Rd8 20. Ra1 g6 21. h5 Kg7 22. Qe3 h6 23. hxg6 Kxg6 24. Bd5 Kg7 25. Kg2 b6 26. Rh1 Qd6 27. Qf3 Qf6 28. Qxf6+ Kxf6 29. Rxh6+ Ke7 30. Rxb6 b3 31. Rb5 Kd6 32. f4 f6 33. Rb6+ Ke7 34. e4 Rh8 35. Rc6 Na4 36. c5 Nxb2 37. Bxb3 exf4 38. gxf4 Nd3 39. Re6+ Kf8 40. Rxf6+ Ke7 41. Rf7+ Ke8 42. c6 Rh6 43. Bd5 1-0


[Site "https://www.chess.com"]

[Event "Titled Tuesday Blitz March 08 Early 2022"]
[White "Omelja, Artem"]
[Black "Fernandez Siles, Luis"]
[WhiteFideId "14119846"]
[BlackFideId "2209420"]
[WhiteElo "2382"]
[BlackElo "2212"]
[Result "1-0"]
[Round "09"]
[TimeControl "180+1"]
[Date "2022.03.09"]
[WhiteClock "0:00:05"]
[BlackClock "0:00:15"]

1. d4 Nf6 2. c4 g6 3. Nc3 Bg7 4. e4 d6 5. f3 O-O 6. Be3 e5 7. Nge2 c6 8. Qd2 Nbd7 9. O-O-O a6 10. g4 exd4 11. Nxd4 Ne5 12. Be2 c5 13. Nc2 Be6 14. b3 b5 15. cxb5 axb5 16. h4 b4 17. Na4 Rxa4 18. bxa4 Bxa2 19. h5 Qa5 20. Bh6 Qxa4 21. hxg6 fxg6 22. Bxg7 Kxg7 23. Qh6+ Kg8 24. Rxd6 b3 25. Rxf6 Rxf6 26. Qxh7+ Kf8 27. Qc7 Nf7 28. Qxc5+ Kg7 29. g5 Rf4 30. Qd4+ Qxd4 31. Nxd4 Ne5 32. Ne6+ Kf7 33. Nxf4 Ke7 34. Kb2 Kd6 35. Rh6 Kc5 36. Nxg6 Kd4 37. Nf4 1-0


[Site "https://www.chess.com"]

[Event "Titled Tuesday Blitz March 08 Early 2022"]
[White "Orlov, Georgi"]
[Black "Yuan, Qingyu"]
[WhiteFideId "2011271"]
[BlackFideId "8609772"]
[WhiteElo "2557"]
[BlackElo "2359"]
[Result "0-1"]
[Round "09"]
[TimeControl "180+1"]
[Date "2022.03.08"]
[WhiteClock "0:00:32"]
[BlackClock "0:00:55"]

1. d4 Nf6 2. Nf3 g6 3. c4 Bg7 4. Nc3 d5 5. Qb3 dxc4 6. Qxc4 O-O 7. e4 a6 8. e5 b5 9. Qb3 Nfd7 10. e6 fxe6 11. Ng5 Nb6 12. Nxe6 Bxe6 13. Qxe6+ Kh8 14. Be3 Qd6 15. Qe4 N8d7 16. Rd1 Nf6 17. Qh4 Nfd5 18. Be2 Nxe3 19. fxe3 Qb4 20. Rd2 e5 21. a3 Qb3 22. d5 e4 23. Nxe4 Qxe3 24. Rd1 Rae8 0-1


[Site "https://www.chess.com"]

[Event "Titled Tuesday Blitz March 08 Early 2022"]
[White "Papasimakopoulos, Alexandros"]
[Black "Artemenko, Oleg"]
[WhiteFideId "4244125"]
[BlackFideId "14201798"]
[WhiteElo "2340"]
[BlackElo "2287"]
[Result "1-0"]
[Round "09"]
[TimeControl "180+1"]
[Date "2022.03.08"]
[WhiteClock "0:01:13"]
[BlackClock "0:01:44"]

1. c4 Nf6 2. d4 e6 3. Nc3 d5 4. cxd5 exd5 5. Bg5 Bb4 6. e3 O-O 7. Bd3 c5 8. a3 Bxc3+ 9. bxc3 Qa5 10. Qd2 Nbd7 11. Ne2 b6 12. O-O Ba6 13. Bxa6 Qxa6 14. f3 Rfe8 15. Bh4 Qc4 16. Bf2 Re7 17. Ng3 Rae8 18. Nf5 Re6 19. Bg3 Nf8 20. Nd6 Rd8 21. Nxc4 dxc4 22. e4 Ng6 23. d5 Ree8 24. a4 Nd7 25. a5 b5 26. a6 f5 27. Bc7 Rc8 28. exf5 Ne7 29. d6 Nf6 30. d7 Rxc7 31. dxe8=Q+ Nxe8 32. Qd8 Kf7 33. Rfe1 b4 34. Rad1 b3 35. Rd7 b2 36. Qxe7+ 1-0


[Site "https://www.chess.com"]

[Event "Titled Tuesday Blitz March 08 Early 2022"]
[White "Perez Gormaz, Matias"]
[Black "Rustemov, Alexander"]
[WhiteFideId "3406342"]
[BlackFideId "4119002"]
[WhiteElo "2327"]
[BlackElo "2761"]
[Result "0-1"]
[Round "09"]
[TimeControl "180+1"]
[Date "2022.03.09"]
[WhiteClock "0:00:02"]
[BlackClock "0:00:08"]

1. e4 e6 2. d4 d5 3. Nc3 Bb4 4. e5 c5 5. a3 Bxc3+ 6. bxc3 Ne7 7. Qg4 O-O 8. Bd3 Qa5 9. Bd2 Nbc6 10. Qh5 h6 11. Nf3 c4 12. Be2 Qa4 13. Bd1 f6 14. O-O Bd7 15. Re1 fxe5 16. Nxe5 Rf5 17. Qh4 Nxe5 18. Qxe7 Ng6 19. Qd6 Rf6 20. Bg4 Re8 21. Rab1 b6 22. Qc7 Re7 23. Bh5 Kh7 24. Qd6 Ref7 25. Re2 Qxc2 26. Rbe1 Qf5 27. Bxg6+ Rxg6 28. g3 Qd3 29. Qe5 Rgf6 30. Qe3 Rf3 31. Qe5 Qf5 32. Qxf5+ R7xf5 33. Bf4 Rxc3 34. Ra2 Rd3 35. Be5 Rff3 36. a4 a6 37. Rb1 Rb3 38. Rba1 g5 39. Kg2 g4 40. h3 h5 41. hxg4 hxg4 42. Rh1+ Kg6 43. Rh4 Kf5 44. Rh5+ Ke4 45. Rg5 Kd3 46. Rxg4 Rf7 47. Rg8 c3 48. Rh8 c2 49. Rh1 Rb1 50. Ra3+ Kc4 51. Ra1 Rxa1 52. Rxa1 Kb3 53. Bf4 Bxa4 54. Kf3 b5 55. Ke2 Kb2 56. Kd2 Kxa1 0-1


[Site "https://www.chess.com"]

[Event "Titled Tuesday Blitz March 08 Early 2022"]
[White "Petrova, Irina"]
[Black "Politov, Pavel Y."]
[WhiteFideId "14124122"]
[BlackFideId "24110515"]
[WhiteElo "1993"]
[BlackElo "2090"]
[Result "1-0"]
[Round "09"]
[TimeControl "180+1"]
[Date "2022.03.09"]
[WhiteClock "0:01:47"]
[BlackClock "0:00:34"]

1. e4 c5 2. Nf3 d6 3. Bb5+ Nd7 4. O-O Nf6 5. Re1 a6 6. Bf1 g6 7. c3 Bg7 8. d4 e6 9. e5 dxe5 10. dxe5 Nd5 11. c4 Ne7 12. Nc3 Nc6 13. Ne4 O-O 14. Bg5 Qc7 15. Nf6+ Kh8 16. Nxd7 Bxd7 17. Bf6 Bxf6 18. exf6 h6 19. Qd2 Kh7 20. Qe3 b6 21. Ng5+ hxg5 22. Qh3+ Kg8 23. Qh6 Ne7 24. Qg7# 1-0


[Site "https://www.chess.com"]

[Event "Titled Tuesday Blitz March 08 Early 2022"]
[White "Petrovic, Aleksa"]
[Black "Barrientos, Sergio E"]
[WhiteFideId "967629"]
[BlackFideId "4401824"]
[WhiteElo "2245"]
[BlackElo "2397"]
[Result "0-1"]
[Round "09"]
[TimeControl "180+1"]
[Date "2022.03.09"]
[WhiteClock "0:00:05"]
[BlackClock "0:01:08"]

1. d4 Nf6 2. c4 c5 3. d5 b5 4. cxb5 a6 5. bxa6 g6 6. Nc3 Bg7 7. e4 O-O 8. e5 Ne8 9. Nf3 Bxa6 10. Bxa6 Nxa6 11. O-O d6 12. Re1 Nb4 13. Bf4 c4 14. exd6 Nxd6 15. Qd2 Nd3 16. Re2 Rb8 17. b3 Nxf4 18. Qxf4 Bxc3 19. Rc1 cxb3 20. axb3 Bf6 21. Qh6 Nf5 22. Qd2 Rxb3 23. Rce1 Rxf3 24. gxf3 Nd4 25. Re3 Qxd5 26. Qd3 Rd8 27. Re4 Qf5 28. f4 Ne6 29. Qe3 Kg7 30. Kg2 h5 31. h3 Rc8 32. Qf3 Rc3 33. R1e3 Rc2 34. Re2 Rxe2 35. Qxe2 Nxf4+ 0-1


[Site "https://www.chess.com"]

[Event "Titled Tuesday Blitz March 08 Early 2022"]
[White "Polster, Christian"]
[Black "Ismayil, Malak"]
[WhiteFideId "12965081"]
[BlackFideId "13412604"]
[WhiteElo "2278"]
[BlackElo "1879"]
[Result "0-1"]
[Round "09"]
[TimeControl "180+1"]
[Date "2022.03.09"]
[WhiteClock "0:00:01"]
[BlackClock "0:00:18"]

1. e4 e5 2. Nf3 Nc6 3. Bc4 Bc5 4. b4 Bxb4 5. c3 Ba5 6. d4 d6 7. O-O Nf6 8. Bg5 O-O 9. d5 Nb8 10. Qc2 Bg4 11. Nbd2 Nbd7 12. Rab1 Bb6 13. h3 Bxf3 14. Nxf3 h6 15. Bc1 Nh5 16. Kh2 Qf6 17. Be2 Nf4 18. Bd1 Nc5 19. g3 Ng6 20. Kg2 Qe7 21. Nh2 c6 22. Bh5 cxd5 23. Bxg6 fxg6 24. exd5 g5 25. Be3 Qf7 26. a4 Qxd5+ 27. Kg1 Nd7 28. Rfd1 Qc6 29. Bxb6 Nxb6 30. a5 Nc4 31. Qd3 Rfd8 32. Qd5+ Qxd5 33. Rxd5 b6 34. a6 Rac8 35. Nf3 Kf7 36. Rbd1 Ke6 37. Ne1 Rc5 38. Rxc5 bxc5 39. Rb1 Nb6 0-1


[Site "https://www.chess.com"]

[Event "Titled Tuesday Blitz March 08 Early 2022"]
[White "Prohorov, Olexandr"]
[Black "Kanyamarala, Trisha"]
[WhiteFideId "14105578"]
[BlackFideId "45004722"]
[WhiteElo "1993"]
[BlackElo "2047"]
[Result "0-1"]
[Round "09"]
[TimeControl "180+1"]
[Date "2022.03.09"]
[WhiteClock "0:00:03"]
[BlackClock "0:01:04"]

1. e4 c6 2. d4 d5 3. e5 Bf5 4. Nf3 e6 5. Be2 c5 6. c4 dxc4 7. Nc3 Nc6 8. d5 exd5 9. Qxd5 Nb4 10. Qxb7 Nc2+ 11. Kf1 Nxa1 12. Qc6+ Bd7 13. Qe4 Ne7 14. Qb1 Bf5 15. Qxa1 Nc6 16. Be3 Nd4 17. Bxc4 Nxf3 18. gxf3 Bd3+ 19. Bxd3 Qxd3+ 20. Kg2 Be7 21. Rd1 Qg6+ 22. Kf1 O-O 23. Ne4 Rfd8 24. Rc1 Qh5 25. Ke2 Qxe5 26. b3 Qd5 27. Qc3 Rac8 28. Rg1 f6 29. h4 c4 30. h5 Qd3+ 31. Qxd3 cxd3+ 32. Kd2 Rc2+ 33. Kd1 Rxa2 34. Rg3 Ra1+ 35. Kd2 Bb4+ 36. Nc3 Ra2+ 37. Kc1 Bxc3 0-1


[Site "https://www.chess.com"]

[Event "Titled Tuesday Blitz March 08 Early 2022"]
[White "Quirke, Jeffrey"]
[Black "Ibraev, Vasilij"]
[WhiteFideId "2013029"]
[BlackFideId "4175190"]
[WhiteElo "2143"]
[BlackElo "2121"]
[Result "0-1"]
[Round "09"]
[TimeControl "180+1"]
[Date "2022.03.09"]
[WhiteClock "0:00:01"]
[BlackClock "0:00:31"]

1. c4 Nf6 2. g3 c6 3. Bg2 d5 4. Nf3 dxc4 5. O-O Nbd7 6. b3 cxb3 7. Qxb3 e6 8. d4 Be7 9. a4 a5 10. Ba3 O-O 11. Nbd2 Nd5 12. Rfc1 Bb4 13. Bxb4 Nxb4 14. Ne1 Nb6 15. e3 Qe7 16. Rab1 e5 17. dxe5 Qxe5 18. Nd3 Nxd3 19. Qxd3 Nxa4 20. Nc4 Qe7 21. Ra1 Nc5 22. Qc2 Be6 23. Nxa5 Rxa5 24. Rxa5 Nb3 25. Ra7 Nxc1 26. Qxc1 Qb4 27. h4 g6 28. h5 Rd8 29. h6 Qb3 30. Kh2 f6 31. Qa1 Rf8 32. Qa5 Qc2 33. Qc7 Bf7 34. Rxb7 Qf5 0-1


[Site "https://www.chess.com"]

[Event "Titled Tuesday Blitz March 08 Early 2022"]
[White "Rodchenkov, Sergey D."]
[Black "Gabrielian, Artur"]
[WhiteFideId "4168712"]
[BlackFideId "4131002"]
[WhiteElo "2306"]
[BlackElo "2440"]
[Result "0-1"]
[Round "09"]
[TimeControl "180+1"]
[Date "2022.03.09"]
[WhiteClock "0:00:03"]
[BlackClock "0:00:22"]

1. e4 c5 2. Nf3 d6 3. d4 cxd4 4. Nxd4 Nf6 5. Nc3 Nc6 6. Bg5 e6 7. Qd2 a6 8. O-O-O Bd7 9. f3 Nxd4 10. Qxd4 h6 11. Be3 Bc6 12. Bc4 b5 13. Bb3 Qc7 14. g4 Be7 15. h4 a5 16. g5 a4 17. Bd5 Nxd5 18. exd5 e5 19. Qb4 Bd7 20. g6 Qc4 21. Qxc4 bxc4 22. gxf7+ Kxf7 23. a3 Rhf8 24. f4 exf4 25. Bxf4 Kg8 26. Rdf1 Rf5 27. Bg3 Raf8 28. Re1 R8f7 29. Re4 Rf3 30. Bh2 Rf1+ 31. Re1 Rxe1+ 32. Rxe1 Bxh4 33. Re4 Rf1+ 34. Kd2 Bg5+ 35. Ke2 Rc1 36. Bxd6 Rxc2+ 37. Kf3 Rxb2 38. Bb4 Rc2 39. Rxc4 h5 40. d6 Bg4+ 41. Ke4 h4 42. Rc7 h3 43. d7 h2 44. Rc8+ Kf7 45. Rc7 h1=Q+ 46. Kd4 Rd2+ 47. Kc4 Rxd7 48. Rxd7+ 0-1


[Site "https://www.chess.com"]

[Event "Titled Tuesday Blitz March 08 Early 2022"]
[White "Rosenberg, Evan S"]
[Black "De Souza, Cristiano Gomes"]
[WhiteFideId "2019299"]
[BlackFideId "2151758"]
[WhiteElo "2245"]
[BlackElo "2068"]
[Result "0-1"]
[Round "09"]
[TimeControl "180+1"]
[Date "2022.03.09"]
[WhiteClock "0:00:08"]
[BlackClock "0:00:37"]

1. d4 Nf6 2. Bg5 c5 3. Bxf6 gxf6 4. d5 e6 5. e4 d6 6. Nc3 Be7 7. dxe6 fxe6 8. Qh5+ Kd7 9. O-O-O Nc6 10. Qxc5 a6 11. Nf3 Kc7 12. Qe3 Bd7 13. Na4 Rc8 14. Qb6+ Kb8 15. Bxa6 Qxb6 16. Nxb6 bxa6 17. Nxc8 Rxc8 18. Kb1 Ne5 19. Nxe5 fxe5 20. Rd3 Bc6 21. f3 d5 22. Re1 Bf6 23. exd5 exd5 24. Rb3+ Kc7 25. a3 Rb8 26. Rxb8 Kxb8 27. f4 e4 28. c3 Kc7 29. g4 d4 30. cxd4 Bxd4 31. f5 e3 32. Ka1 Kd6 33. g5 Be4 34. f6 Bg6 35. h4 Ke5 36. Rf1 Bf7 37. h5 e2 38. Re1 Bc4 39. f7 Bxf7 40. Rxe2+ Kd5 41. Rh2 Be5 42. Rd2+ Ke6 43. Re2 Bxh5 44. Re1 Bg6 45. Ka2 Kf5 46. Rc1 Bf4 47. Rc5+ Kg4 48. Rc6 Bd3 49. g6 hxg6 50. b4 g5 51. Kb3 Kf3 52. Rc3 Ke3 53. a4 g4 54. b5 axb5 55. axb5 g3 56. b6 g2 57. Rc1 Bf1 58. Rc3+ Kf2 59. Rc2+ Kg3 60. Rxg2+ Bxg2 61. Kb4 Bb7 62. Kb5 Bd6 63. Kc4 Kf4 64. Kb5 Ke5 65. Kc4 Ke4 66. Kb5 Kd5 67. Ka5 Kc5 68. Ka4 Kxb6 69. Kb3 Bd5+ 70. Ka4 Kc5 71. Ka5 Bb3 72. Ka6 Kc6 73. Ka5 Bc5 74. Ka6 Bb4 75. Ka7 Kc7 76. Ka6 Bc4+ 77. Ka7 Bc5+ 78. Ka8 Bd5# 0-1


[Site "https://www.chess.com"]

[Event "Titled Tuesday Blitz March 08 Early 2022"]
[White "Rudzinska, Michalina"]
[Black "Buscar, Michael"]
[WhiteFideId "1172883"]
[BlackFideId "2603616"]
[WhiteElo "1904"]
[BlackElo "2010"]
[Result "1-0"]
[Round "09"]
[TimeControl "180+1"]
[Date "2022.03.09"]
[WhiteClock "0:02:31"]
[BlackClock "0:01:10"]

1. e4 c5 2. Nf3 Nc6 3. d4 cxd4 4. Nxd4 Nf6 5. Nc3 e5 6. Ndb5 h6 7. Nd6+ Bxd6 8. Qxd6 Qe7 9. Qd1 O-O 10. Be3 Rd8 11. Nd5 Nxd5 12. exd5 Nd4 13. Qd2 Nf5 14. O-O-O Nxe3 15. Qxe3 d6 16. Bd3 f5 17. f3 Bd7 18. Rhg1 Rdc8 19. g4 f4 20. Qe4 Qg5 21. h4 Qxh4 22. g5 hxg5 23. Rh1 Qf2 24. Rh8+ Kf7 25. Qg6+ Ke7 26. Qxg7# 1-0


[Site "https://www.chess.com"]

[Event "Titled Tuesday Blitz March 08 Early 2022"]
[White "Rychagov, Andrey"]
[Black "Tarhan, Adar"]
[WhiteFideId "4119932"]
[BlackFideId "34544712"]
[WhiteElo "2500"]
[BlackElo "1802"]
[Result "1-0"]
[Round "09"]
[TimeControl "180+1"]
[Date "2022.03.08"]
[WhiteClock "0:01:31"]
[BlackClock "0:01:13"]

1. d4 d5 2. c4 c6 3. Nf3 Nf6 4. Nc3 dxc4 5. a4 Bf5 6. Ne5 Nbd7 7. Nxc4 e6 8. Bg5 Bb4 9. e3 h6 10. Bh4 O-O 11. Be2 Qc7 12. O-O a5 13. f3 Bg6 14. Bg3 Qd8 15. e4 Nb6 16. Ne5 Nbd7 17. Nxg6 fxg6 18. Bc4 Qe7 19. Qb3 Rfe8 20. Na2 Nb6 21. Be2 c5 22. Nxb4 cxb4 23. Rac1 Rac8 24. Bb5 Red8 25. Be5 Kh7 26. Qe3 Nfd7 27. Bc7 Rf8 28. d5 Na8 29. d6 Qf6 30. Bxd7 1-0


[Site "https://www.chess.com"]

[Event "Titled Tuesday Blitz March 08 Early 2022"]
[White "Sahin, Handenur"]
[Black "Decuigniere, Tom"]
[WhiteFideId "6334865"]
[BlackFideId "26093820"]
[WhiteElo "2174"]
[BlackElo "1997"]
[Result "0-1"]
[Round "09"]
[TimeControl "180+1"]
[Date "2022.03.09"]
[WhiteClock "0:00:59"]
[BlackClock "0:00:56"]

1. e4 c5 2. c3 Nf6 3. e5 Nd5 4. d4 cxd4 5. Nf3 Nc6 6. cxd4 g6 7. Bc4 Nb6 8. Bb3 Bg7 9. Bf4 O-O 10. d5 Na5 11. Nc3 d6 12. O-O Bg4 13. exd6 exd6 14. Qd3 Rc8 15. Rac1 Nac4 16. Nd4 Nxb2 17. Qb1 Bxd4 18. Qxb2 Qf6 19. Bd2 Rc7 20. Ne4 Bxb2 21. Nxf6+ Bxf6 22. Rxc7 Be2 23. Re1 Ba6 24. g3 Bd8 25. Rcc1 Nd7 26. Bh6 Ne5 27. Bxf8 Kxf8 28. Rc8 Nf3+ 29. Kg2 Nxe1+ 30. Kh3 Ke7 31. Rc1 Nd3 32. Rc3 h5 33. Kg2 Ba5 34. Rc2 Ne1+ 0-1


[Site "https://www.chess.com"]

[Event "Titled Tuesday Blitz March 08 Early 2022"]
[White "Samunenkov, Ihor"]
[Black "Vusatiuk, Vladimir"]
[WhiteFideId "14187086"]
[BlackFideId "14118610"]
[WhiteElo "2409"]
[BlackElo "2157"]
[Result "0-1"]
[Round "09"]
[TimeControl "180+1"]
[Date "2022.03.08"]
[WhiteClock "0:00:01"]
[BlackClock "0:00:58"]

1. e4 c5 2. Nf3 d6 3. d4 cxd4 4. Nxd4 Nf6 5. Nc3 Nc6 6. f3 e5 7. Nb3 Be6 8. Be3 d5 9. exd5 Nxd5 10. Nxd5 Qxd5 11. Qxd5 Bxd5 12. O-O-O O-O-O 13. c4 Be6 14. Rxd8+ Kxd8 15. Be2 b6 16. Rd1+ Kc7 17. f4 f6 18. fxe5 fxe5 19. h3 Be7 20. Kb1 Bf5+ 21. Bd3 Rd8 22. Nc1 Nb4 23. Bxf5 Rxd1 24. a3 Nc6 25. Bxh7 Bc5 26. Bc2 Rf1 27. Bxc5 bxc5 28. Be4 Nd4 29. Bd3 Rg1 30. b4 Nb3 0-1


[Site "https://www.chess.com"]

[Event "Titled Tuesday Blitz March 08 Early 2022"]
[White "Sanal, Vahap"]
[Black "Bashirli, Nail"]
[WhiteFideId "6300545"]
[BlackFideId "13406809"]
[WhiteElo "2603"]
[BlackElo "2333"]
[Result "1-0"]
[Round "09"]
[TimeControl "180+1"]
[Date "2022.03.08"]
[WhiteClock "0:00:18"]
[BlackClock "0:00:04"]

1. e4 Nf6 2. e5 Nd5 3. d4 d6 4. c4 Nb6 5. f4 dxe5 6. fxe5 Bf5 7. Be3 e6 8. Nc3 Be7 9. Be2 O-O 10. Nf3 f6 11. exf6 Bxf6 12. O-O Nc6 13. Qd2 Qe7 14. Rad1 Rad8 15. h3 h6 16. b3 Qe8 17. Qe1 Rf7 18. Qg3 Kh8 19. Ne5 Nxe5 20. dxe5 Be7 21. Bf3 Rxd1 22. Rxd1 Bb4 23. Ne2 Rd7 24. Rxd7 Qxd7 25. Nd4 Qf7 26. Bxb7 Bd3 27. Bf3 Nd7 28. Nc6 Bc3 29. Bxa7 Qf5 30. Ne7 Qxe5 31. Qxe5 Nxe5 32. Bd1 Bb4 33. Bd4 Ng6 34. Nxg6+ Bxg6 35. Bb2 Bb1 36. a3 Bc5+ 37. Kf1 e5 38. b4 Be3 39. Bxe5 Bd3+ 40. Be2 Bc2 41. Bxc7 Bc1 42. b5 Bxa3 43. b6 Be4 44. Bf3 Bd3+ 45. Ke1 Bb4+ 46. Kd1 Ba5 47. c5 Kg8 48. Bd6 Kf7 49. b7 1-0


[Site "https://www.chess.com"]

[Event "Titled Tuesday Blitz March 08 Early 2022"]
[White "Sanchez, Robert"]
[Black "Popadic, Dragan"]
[WhiteFideId "2034360"]
[BlackFideId "913650"]
[WhiteElo "2273"]
[BlackElo "2222"]
[Result "1-0"]
[Round "09"]
[TimeControl "180+1"]
[Date "2022.03.09"]
[WhiteClock "0:00:34"]
[BlackClock "0:00:32"]

1. e4 c5 2. Nf3 Nc6 3. d4 cxd4 4. c3 d3 5. Bxd3 d6 6. Bc4 Nf6 7. O-O e6 8. Qe2 Be7 9. Rd1 Qc7 10. Bb3 a6 11. c4 O-O 12. Nc3 Na5 13. Bf4 Nxb3 14. axb3 b6 15. h3 Bb7 16. Na4 Bc6 17. Nc3 Rfd8 18. Rd2 Qb7 19. Re1 b5 20. Nd4 Be8 21. e5 dxe5 22. Bxe5 b4 23. Na4 Bxa4 24. bxa4 Rd7 25. Red1 Rad8 26. Nf3 Qc6 27. Bxf6 Bxf6 28. b3 h6 29. Rxd7 Rxd7 30. Rxd7 Qxd7 31. Qd2 Qb7 32. Qd6 Bc3 33. c5 Qe4 34. c6 Qb1+ 35. Kh2 Qxb3 36. c7 Qxa4 37. c8=Q+ Kh7 38. Qd3+ g6 39. Qcd7 Qb3 40. Qxf7+ 1-0


[Site "https://www.chess.com"]

[Event "Titled Tuesday Blitz March 08 Early 2022"]
[White "Seo, Jung Min"]
[Black "Coto Mederos, Michel"]
[WhiteFideId "1734687"]
[BlackFideId "3508528"]
[WhiteElo "2401"]
[BlackElo "2427"]
[Result "1-0"]
[Round "09"]
[TimeControl "180+1"]
[Date "2022.03.08"]
[WhiteClock "0:00:49"]
[BlackClock "0:00:04"]

1. e4 e5 2. Nf3 Nc6 3. Bb5 a6 4. Ba4 Nf6 5. O-O b5 6. Bb3 Bc5 7. a4 Rb8 8. Nxe5 Nxe5 9. d4 Bxd4 10. Qxd4 d6 11. Nc3 c5 12. Qd1 c4 13. Ba2 O-O 14. axb5 axb5 15. Bg5 h6 16. Bxf6 Qxf6 17. Nd5 Qh4 18. f3 Be6 19. Nb4 Rfd8 20. c3 Ra8 21. Qd4 Qf4 22. Rad1 Ra4 23. Bb1 Ng6 24. Bc2 Raa8 25. Qb6 Rab8 26. Qf2 Rbc8 27. g3 Qf6 28. f4 Bh3 29. Rfe1 Ne7 30. Qb6 Rb8 31. Qe3 Qe6 32. Ra1 d5 33. e5 d4 34. cxd4 Nd5 35. Qe4 f5 36. Ra6 fxe4 37. Rxe6 Bxe6 38. Nc6 1-0


[Site "https://www.chess.com"]

[Event "Titled Tuesday Blitz March 08 Early 2022"]
[White "Shubenkova, Veronika"]
[Black "Zaksaite, Salomeja"]
[WhiteFideId "44124040"]
[BlackFideId "12801496"]
[WhiteElo "1938"]
[BlackElo "1953"]
[Result "1-0"]
[Round "09"]
[TimeControl "180+1"]
[Date "2022.03.09"]
[WhiteClock "0:01:09"]
[BlackClock "0:00:01"]

1. d4 Nf6 2. e3 d5 3. f4 g6 4. Nf3 Bg7 5. c3 O-O 6. Bd3 Nbd7 7. Nbd2 b6 8. O-O a5 9. Ne5 Ba6 10. Bxa6 Rxa6 11. Nc6 Qe8 12. Qe2 Ra8 13. e4 dxe4 14. Nxe4 Nxe4 15. Qxe4 e6 16. Ne5 Nf6 17. Qf3 Qe7 18. Bd2 Qd6 19. Rae1 Qd5 20. Qxd5 exd5 21. Nc6 Ne4 22. Bc1 Rfe8 23. f5 b5 24. fxg6 hxg6 25. a3 Re6 26. Ne5 Bxe5 27. dxe5 Rxe5 28. Bf4 Re7 29. Rd1 c6 30. Rd3 a4 31. Rh3 f6 32. Be3 Re6 33. Rhf3 Kg7 34. g4 Rae8 35. Bf4 c5 36. h4 d4 37. cxd4 cxd4 38. g5 fxg5 39. hxg5 Rd8 40. Bc1 Rd7 41. b3 d3 42. Bb2+ Kh7 43. Rh3+ Kg8 44. Rh8# 1-0


[Site "https://www.chess.com"]